[Event "Titled Tuesday Blitz June 13 Early 2023"]
[White "Abduzhaparov"]
[Black "Kozak, Antoni"]
[BlackFideId "21832030"]
[WhiteElo "2423"]
[BlackElo "2470"]
[Result "0-1"]
[Round "1"]
[TimeControl "180+2"]
[Date "2023.06.13"]
[WhiteClock "0:00:21"]
[BlackClock "0:00:33"]
[Board "91"]

1. Nf3 g6 2. c4 b6 3. Nc3 Bb7 4. e4 Bg7 5. d4 e6 6. h4 h6 7. a4 Ne7 8. a5 a6 9. axb6 cxb6 10. Be3 d6 11. Qd2 Nd7 12. d5 Bxc3 13. Qxc3 e5 14. b4 Nf6 15. Bd3 Ng4 16. Bd2 O-O 17. h5 g5 18. c5 bxc5 19. bxc5 dxc5 20. Qxc5 Qd7 21. Bb4 Rfe8 22. Qd6 Qxd6 23. Bxd6 Nxd5 24. exd5 e4 25. Be2 exf3 26. gxf3 Bxd5 27. O-O Rxe2 28. fxg4 Bf3 29. Ra4 Rae8 30. Kh2 R2e4 31. Rxe4 Rxe4 32. Kg3 Bxg4 33. f3 Re6 34. fxg4 Rxd6 35. Ra1 Kf8 36. Ra5 Ke7 37. Kf3 Re6 38. Rf5 Rf6 39. Rxf6 Kxf6 40. Ke4 Ke6 41. Kd4 f5 0-1


[Site "https://www.chess.com"]

[Event "Titled Tuesday Blitz June 13 Early 2023"]
[White "Djordjevic, Vuk"]
[Black "Mogirzan, Matei-Valeriu"]
[WhiteFideId "902098"]
[BlackFideId "1257455"]
[WhiteElo "2463"]
[BlackElo "1733"]
[Result "0-1"]
[Round "1"]
[TimeControl "180+2"]
[Date "2023.06.13"]
[WhiteClock "0:00:04"]
[BlackClock "0:00:11"]
[Board "92"]

1. d4 Nf6 2. Bg5 Ne4 3. Bf4 Nc6 4. f3 Nf6 5. e4 d6 6. d5 Nb8 7. Nc3 g6 8. Bc4 Bg7 9. Qd2 h6 10. Nge2 Nh5 11. Be3 c5 12. g4 Nf6 13. h4 a6 14. a4 Qa5 15. Kf2 Qb4 16. a5 Bd7 17. Qd3 b5 18. axb6 Qxb6 19. b4 Bxg4 20. bxc5 dxc5 21. Rhb1 Qc7 22. Bf4 Qc8 23. Bb5+ Kf8 24. fxg4 Nxg4+ 25. Ke1 g5 26. Bxb8 Rxb8 27. Bxa6 Qc7 28. Rxb8+ Qxb8 29. Rb1 Qh2 30. Kd2 Be5 31. Qf3 Bf4+ 32. Kd3 Ne5# 0-1


[Site "https://www.chess.com"]

[Event "Titled Tuesday Blitz June 13 Early 2023"]
[White "Chandreyee, Hajra"]
[Black "Postny, Evgeny"]
[WhiteFideId "5056535"]
[BlackFideId "2804344"]
[WhiteElo "1725"]
[BlackElo "2504"]
[Result "0-1"]
[Round "1"]
[TimeControl "180+2"]
[Date "2023.06.13"]
[WhiteClock "0:00:55"]
[BlackClock "0:01:52"]
[Board "93"]

1. e4 c5 2. Nf3 e6 3. d4 cxd4 4. Nxd4 Nc6 5. Nc3 d6 6. Be3 a6 7. a4 Nxd4 8. Qxd4 Ne7 9. a5 Nc6 10. Qb6 Qxb6 11. Bxb6 Be7 12. Be2 Bd7 13. f3 Rc8 14. Kf2 Ne5 15. Rhd1 Nc4 16. Bxc4 Rxc4 17. Rd4 Rxd4 18. Bxd4 O-O 19. Na4 Bc6 20. Nb6 f5 21. exf5 Rxf5 22. b4 Kf7 23. Ke3 e5 24. Bb2 d5 25. g4 d4+ 26. Kd2 Rxf3 27. Ke2 Re3+ 28. Kf2 Bxb4 29. Nc4 Rf3+ 30. Ke2 Ke6 31. Rf1 Rxf1 32. Kxf1 Bb5 0-1


[Site "https://www.chess.com"]

[Event "Titled Tuesday Blitz June 13 Early 2023"]
[White "Albornoz Cabrera, Carlos Daniel"]
[Black "LeoLV10"]
[WhiteFideId "3518736"]
[WhiteElo "2540"]
[BlackElo "2421"]
[Result "1-0"]
[Round "1"]
[TimeControl "180+2"]
[Date "2023.06.13"]
[WhiteClock "0:02:10"]
[BlackClock "0:00:13"]
[Board "94"]

1. d4 Nf6 2. c4 e6 3. Nc3 Bb4 4. e3 O-O 5. Bd3 d5 6. cxd5 exd5 7. a3 Be7 8. Nf3 Re8 9. O-O Nbd7 10. b4 Nf8 11. Ne5 Ng6 12. f4 Bd6 13. Bd2 c6 14. Qf3 Qc7 15. Rac1 a6 16. Na4 Ne4 17. Be1 f5 18. Nc5 Nf8 19. h3 b6 20. Nb3 Bd7 21. g4 Rad8 22. gxf5 Bxf5 23. Rxc6 Qb7 24. Rc2 Qe7 25. Nc6 Qf6 26. Nxd8 Rxd8 27. Nd2 Qg6+ 28. Qg2 Qe6 29. Nxe4 Bxe4 30. Bxe4 dxe4 31. Bh4 Re8 32. f5 Qb3 33. f6 Qxe3+ 34. Bf2 Qh6 35. f7+ Kxf7 36. Be3+ Qf6 37. Rxf6+ gxf6 38. Qg4 Ng6 39. Qd7+ Be7 40. Qd5+ Kg7 41. Rc7 Kf8 42. Bh6# 1-0


[Site "https://www.chess.com"]

[Event "Titled Tuesday Blitz June 13 Early 2023"]
[White "a-z30"]
[Black "Karthik Rajaa"]
[BlackFideId "25035215"]
[WhiteElo "2416"]
[BlackElo "2215"]
[Result "1-0"]
[Round "1"]
[TimeControl "180+2"]
[Date "2023.06.13"]
[WhiteClock "0:00:03"]
[BlackClock "0:00:10"]
[Board "95"]

1. d3 Nf6 2. Nf3 d5 3. g3 g6 4. Bg2 Bg7 5. O-O O-O 6. c4 dxc4 7. dxc4 c6 8. Nc3 Na6 9. b3 Qxd1 10. Rxd1 Bf5 11. Nd4 Rfd8 12. Ba3 Kf8 13. Rac1 Bg4 14. h3 Bd7 15. e4 Ne8 16. f4 Bxh3 17. Nxc6 Rxd1+ 18. Nxd1 Bxg2 19. Nxe7 Bxe4 20. Nf2 Bf3 21. Nd3 Bd4+ 22. Kf1 Kg7 23. Ne5 Bxe5 24. fxe5 Nec7 25. Kf2 Bg4 26. Nd5 Be6 27. Bd6 Nxd5 28. cxd5 Bxd5 29. Rd1 Be6 30. Ke3 Rc8 31. Be7 Rc7 32. Bf6+ Kh6 33. Rh1+ Bh3 34. Rxh3# 1-0


[Site "https://www.chess.com"]

[Event "Titled Tuesday Blitz June 13 Early 2023"]
[White "Danielyan, Vahe"]
[Black "KorolDimitriy75"]
[WhiteFideId "13304828"]
[WhiteElo "2423"]
[BlackElo "2415"]
[Result "1-0"]
[Round "1"]
[TimeControl "180+2"]
[Date "2023.06.13"]
[WhiteClock "0:00:54"]
[BlackClock "0:00:13"]
[Board "96"]

1. e4 c5 2. Nc3 g6 3. d4 cxd4 4. Qxd4 Nf6 5. Be3 Nc6 6. Qd2 Bg7 7. f3 O-O 8. O-O-O Qa5 9. Kb1 d6 10. Nge2 Bd7 11. h4 Rfc8 12. Bh6 Ne5 13. Nd5 Qxd2 14. Nxe7+ Kf8 15. Bxg7+ Kxg7 16. Rxd2 Re8 17. Nd5 Nc4 18. Rd4 Nxd5 19. Rxd5 Be6 20. Rd4 Rad8 21. Nc3 Ne5 22. Bb5 Re7 23. Rhd1 a6 24. Be2 Red7 25. Nd5 Bxd5 26. Rxd5 Kf8 27. b3 Ke7 28. Kb2 Nc6 29. a3 Ne5 30. c4 Nc6 31. Kc3 h5 32. b4 Ne5 33. c5 f6 34. cxd6+ Rxd6 35. Rxd6 Rxd6 36. Rxd6 Kxd6 37. Bc4 Kc6 38. Kd4 Kd6 39. Bd5 b6 40. f4 Nd7 41. Bf7 Nf8 42. e5+ fxe5+ 43. fxe5+ Ke7 44. Bc4 b5 45. Bd5 Nd7 46. Bb7 Nb8 47. Kd5 Kd7 48. e6+ Kc7 49. Ke5 Kxb7 50. Kf6 Nc6 51. e7 Nxe7 52. Kxe7 Kc6 53. Ke6 a5 54. g3 axb4 55. axb4 Kb6 56. Kd6 Ka6 57. Kc5 Ka7 58. Kxb5 Kb7 59. Kc5 Kc7 60. b5 Kb7 61. b6 Kb8 62. Kc6 Kc8 63. b7+ Kb8 64. Kb6 g5 65. hxg5 h4 66. g6 hxg3 67. g7 g2 68. g8=Q# 1-0


[Site "https://www.chess.com"]

[Event "Titled Tuesday Blitz June 13 Early 2023"]
[White "Toczek, Grzegorz"]
[Black "caropawn10"]
[WhiteFideId "1106457"]
[WhiteElo "2093"]
[BlackElo "2738"]
[Result "1/2-1/2"]
[Round "1"]
[TimeControl "180+2"]
[Date "2023.06.13"]
[WhiteClock "0:00:40"]
[BlackClock "0:00:25"]
[Board "97"]

1. e4 c6 2. d4 d5 3. Nd2 dxe4 4. Nxe4 Nf6 5. Nxf6+ exf6 6. c3 Bd6 7. Bd3 O-O 8. Qc2 Re8+ 9. Ne2 h5 10. h3 h4 11. O-O Nd7 12. Bd2 Qc7 13. Rae1 Nf8 14. c4 c5 15. dxc5 Bxc5 16. Nc3 Be6 17. Nd5 Bxd5 18. cxd5 Bd6 19. Qxc7 Bxc7 20. Rxe8 Rxe8 21. Rc1 Bd6 22. Be3 b6 23. Bb5 Rd8 24. a4 Bb4 25. Bc6 Nd7 26. Rc4 Bd6 27. a5 bxa5 28. Bxa7 Ne5 29. Rc1 Kf8 30. Bb6 Rb8 31. Bxa5 Rxb2 32. Bc3 Rb8 33. Ra1 Bc5 34. Kf1 Ke7 35. Ra8 Rxa8 36. Bxa8 Kd6 37. f4 Nc4 38. Be1 Ne3+ 39. Ke2 Nxg2 40. Bd2 g5 41. fxg5 fxg5 42. Bxg5 Ke5 43. Kf3 Ne1+ 44. Kg4 Nd3 45. Bxh4 f5+ 46. Kh5 f4 47. Bb7 f3 48. Ba6 Nf4+ 49. Kg4 f2 50. Bxf2 Bxf2 51. Bb7 Bc5 52. h4 Bd6 53. h5 Kf6 54. Bc6 Nd3 55. Bb7 Ne5+ 56. Kf4 Nf7+ 57. Ke4 Nh6 58. Bc8 Kg5 59. Be6 Kxh5 60. Kd3 Kg5 61. Kc4 Kf6 62. Kb5 Ke5 63. Kc6 Be7 64. Kd7 Bd6 65. Kc6 Ba3 66. Kd7 1/2-1/2


[Site "https://www.chess.com"]

[Event "Titled Tuesday Blitz June 13 Early 2023"]
[White "Rastbod, Ali"]
[Black "Topalov, Aleksandar"]
[WhiteFideId "12567477"]
[BlackFideId "925659"]
[WhiteElo "2281"]
[BlackElo "2151"]
[Result "1-0"]
[Round "1"]
[TimeControl "180+2"]
[Date "2023.06.13"]
[WhiteClock "0:00:05"]
[BlackClock "0:00:01"]
[Board "98"]

1. d4 Nf6 2. Bg5 g6 3. Bxf6 exf6 4. e3 f5 5. g3 h5 6. h4 d6 7. Bg2 Bh6 8. c4 Nd7 9. Nh3 Nf6 10. Nc3 Ng4 11. a4 a5 12. Nf4 O-O 13. O-O c6 14. Rb1 Re8 15. Qd3 g5 16. hxg5 Qxg5 17. Nh3 Qf6 18. Ne2 h4 19. e4 fxe4 20. Bxe4 Rxe4 21. Qxe4 Bf5 22. Qf3 Bxb1 23. Qxg4+ Bg6 24. Qxh4 Qxh4 25. gxh4 Bd3 26. Ng3 Bxf1 27. Kxf1 Bg7 28. Nf5 Bf6 29. Nf4 Rd8 30. b3 Kf8 31. Ke2 Ke8 32. Kf3 Kd7 33. Nh5 Bh8 34. Nhg3 Re8 35. Ne4 Re6 36. h5 Re8 37. Ng5 Rf8 38. Kg4 Bf6 39. Ne4 Bh8 40. h6 Rg8+ 41. Kh5 Rg1 42. Ng5 Rh1+ 43. Kg4 Rg1+ 44. Kf4 Rf1 45. Ke3 Re1+ 46. Kf3 Rb1 47. Nxf7 Rxb3+ 48. Kg4 Bf6 49. N7xd6 Rb4 50. h7 Rxa4 51. Nxb7 Rxc4 52. Nxa5 Ra4 53. Nb7 Ke6 54. Nc5+ Kd5 55. Nxa4 c5 56. Nxc5 1-0


[Site "https://www.chess.com"]

[Event "Titled Tuesday Blitz June 13 Early 2023"]
[White "Smiechu"]
[Black "Liyanage, Ranindu Dilshan"]
[BlackFideId "9915834"]
[WhiteElo "2410"]
[BlackElo "2216"]
[Result "0-1"]
[Round "1"]
[TimeControl "180+2"]
[Date "2023.06.13"]
[WhiteClock "0:00:29"]
[BlackClock "0:01:00"]
[Board "99"]

1. e4 c5 2. Nf3 a6 3. Nc3 b5 4. d4 cxd4 5. Nxd4 Bb7 6. a3 e6 7. Bd3 Nf6 8. O-O Qc7 9. Be3 h5 10. h3 Bd6 11. f4 Bc5 12. Qe2 d6 13. Nf3 Nbd7 14. Bxc5 Qxc5+ 15. Kh1 h4 16. Qf2 Rc8 17. Qxc5 Nxc5 18. Rae1 Nh5 19. Ne2 Nxd3 20. cxd3 Rc2 21. Kg1 Rxb2 22. Nxh4 Rxe2 23. Rxe2 Ng3 0-1


[Site "https://www.chess.com"]

[Event "Titled Tuesday Blitz June 13 Early 2023"]
[White "gau_npukyputb"]
[Black "Miller, Luke C"]
[BlackFideId "2096935"]
[WhiteElo "2727"]
[BlackElo "1836"]
[Result "1-0"]
[Round "1"]
[TimeControl "180+2"]
[Date "2023.06.13"]
[WhiteClock "0:00:37"]
[BlackClock "0:00:02"]
[Board "100"]

1. f4 Nf6 2. d3 d5 3. Nf3 c5 4. Nc3 Nc6 5. e4 Bg4 6. h3 Bxf3 7. Qxf3 e6 8. Qf2 b5 9. e5 Nd7 10. g3 c4 11. d4 Rb8 12. Ne2 Nb4 13. Ng1 Qa5 14. c3 Nxa2 15. Ne2 b4 16. Bg2 b3 17. O-O Be7 18. f5 O-O 19. Nf4 Qb6 20. Be3 a5 21. h4 a4 22. Bh3 exf5 23. Nxd5 Qd8 24. Bxf5 a3 25. Bb1 axb2 26. Qxb2 Ra8 27. Bxa2 bxa2 28. Rxa2 Rxa2 29. Qxa2 Nb6 30. Nxb6 Qxb6 31. Qxc4 Qb2 32. e6 f5 33. Bg5 Re8 34. Bxe7 Rxe7 35. Qc8+ 1-0


[Site "https://www.chess.com"]

[Event "Titled Tuesday Blitz June 13 Early 2023"]
[White "Buchenau, Frank"]
[Black "Quintiliano Pinto, Renato R."]
[WhiteFideId "4604350"]
[BlackFideId "2117568"]
[WhiteElo "2157"]
[BlackElo "2459"]
[Result "0-1"]
[Round "1"]
[TimeControl "180+2"]
[Date "2023.06.13"]
[WhiteClock "0:00:03"]
[BlackClock "0:00:16"]
[Board "101"]

1. e4 c5 2. Nf3 d6 3. Bb5+ Bd7 4. Bxd7+ Nxd7 5. O-O Ngf6 6. Qe2 Rc8 7. d4 cxd4 8. Nxd4 e6 9. c4 a6 10. b3 Be7 11. Bb2 O-O 12. Nc3 Qa5 13. Rad1 Rfe8 14. f4 b5 15. cxb5 Rxc3 16. Qe1 e5 17. Bxc3 Qb6 18. bxa6 exd4 19. Bxd4 Qxa6 20. e5 dxe5 21. fxe5 Bd6 22. Qg3 Bxe5 23. Bxe5 Nxe5 24. Rde1 Qb6+ 25. Qf2 Qxf2+ 26. Rxf2 Nf3+ 27. Rxf3 Rxe1+ 28. Kf2 Rb1 29. Rd3 g5 30. a4 h6 31. h3 Ne4+ 32. Kf3 Nc5 33. Rd8+ Kg7 34. a5 Rxb3+ 35. Kg4 Nb7 36. Rd5 Ra3 37. Rb5 Nxa5 38. h4 Ra4+ 39. Kf5 gxh4 40. Re5 Nc4 41. Re2 Nd6+ 42. Ke5 Ne8 43. Kf5 Nf6 44. Rf2 Ra5+ 45. Kf4 Kg6 46. Kf3 Rf5+ 47. Ke2 Rxf2+ 48. Kxf2 Kg5 49. Kg1 Kg4 50. Kh2 Ne4 51. Kh1 Ng5 52. Kh2 h3 53. gxh3+ Nxh3 0-1


[Site "https://www.chess.com"]

[Event "Titled Tuesday Blitz June 13 Early 2023"]
[White "Priasmoro, Novendra"]
[Black "Garcia Cuenca, Victor"]
[WhiteFideId "7105029"]
[BlackFideId "2250829"]
[WhiteElo "2412"]
[BlackElo "2329"]
[Result "1-0"]
[Round "1"]
[TimeControl "180+2"]
[Date "2023.06.13"]
[WhiteClock "0:02:16"]
[BlackClock "0:02:12"]
[Board "102"]

1. e4 g6 2. d4 Bg7 3. Nc3 d6 4. Be3 c6 5. Qd2 b5 6. O-O-O a6 7. h4 h5 8. Nh3 Nd7 9. Ng5 e5 10. dxe5 dxe5 11. Qd6 Bb7 12. Nxf7 1-0


[Site "https://www.chess.com"]

[Event "Titled Tuesday Blitz June 13 Early 2023"]
[White "Mazurkiewicz, Michal"]
[Black "Turayev, Shahruh"]
[WhiteFideId "1124943"]
[BlackFideId "14003856"]
[WhiteElo "2063"]
[BlackElo "2113"]
[Result "0-1"]
[Round "1"]
[TimeControl "180+2"]
[Date "2023.06.13"]
[WhiteClock "0:00:00"]
[BlackClock "0:00:46"]
[Board "103"]

1. e4 e6 2. d3 d5 3. Nd2 Nf6 4. Ngf3 c5 5. g3 g6 6. Bg2 Bg7 7. O-O O-O 8. Re1 Nc6 9. Qe2 b6 10. h4 dxe4 11. dxe4 a5 12. e5 Nd5 13. a3 Ba6 14. c4 a4 15. Qe4 Nde7 16. h5 Rc8 17. Qc2 b5 18. cxb5 Bxb5 19. Ne4 Nd4 20. Qd1 Be2 21. Qxe2 Nxe2+ 22. Rxe2 Nf5 23. Bg5 Qd3 24. Rae1 Nd4 25. Nxd4 cxd4 26. Nf6+ Bxf6 27. Bxf6 Rc2 28. Bf1 Rxe2 29. Rxe2 Qd1 30. Kg2 d3 31. Re3 d2 32. Rd3 Qe1 0-1


[Site "https://www.chess.com"]

[Event "Titled Tuesday Blitz June 13 Early 2023"]
[White "Pulpan, Jakub"]
[Black "Grossboss19"]
[WhiteFideId "302759"]
[WhiteElo "2484"]
[BlackElo "2404"]
[Result "0-1"]
[Round "1"]
[TimeControl "180+2"]
[Date "2023.06.13"]
[WhiteClock "0:00:16"]
[BlackClock "0:00:10"]
[Board "104"]

1. Nf3 d5 2. c4 c6 3. b3 Bg4 4. Bb2 Nd7 5. e3 e5 6. cxd5 cxd5 7. h3 Bxf3 8. Qxf3 Ngf6 9. Bb5 e4 10. Qf5 a6 11. Bxf6 gxf6 12. Bxd7+ Qxd7 13. Qxf6 Rg8 14. Nc3 Bg7 15. Qg5 Kf8 16. Qh5 Rc8 17. O-O-O d4 18. exd4 Qxd4 19. Kb1 Qd3+ 20. Kb2 Rxc3 21. dxc3 Qxc3+ 22. Ka3 Qb2+ 23. Ka4 Qxa2+ 24. Kb4 a5+ 25. Kc5 Qc2+ 26. Kb6 Qc6+ 27. Ka7 Qa6+ 28. Kb8 Ke7+ 29. Kc7 Qc6# 0-1


[Site "https://www.chess.com"]

[Event "Titled Tuesday Blitz June 13 Early 2023"]
[White "Ramirez Vido, Robert Yorisan"]
[Black "Papasimakopoulos, Alexandros"]
[WhiteFideId "3513823"]
[BlackFideId "4244125"]
[WhiteElo "2404"]
[BlackElo "2359"]
[Result "0-1"]
[Round "1"]
[TimeControl "180+2"]
[Date "2023.06.13"]
[WhiteClock "0:00:00"]
[BlackClock "0:00:32"]
[Board "105"]

1. f4 d5 2. Nf3 Nf6 3. g3 Bf5 4. Bg2 e6 5. d3 c5 6. O-O Nc6 7. Ne5 Nxe5 8. fxe5 Ng4 9. c4 Nxe5 10. cxd5 Be7 11. Qa4+ Qd7 12. Qxd7+ Kxd7 13. dxe6+ Bxe6 14. Bxb7 Rab8 15. Bg2 Bf6 16. Nc3 Rhc8 17. Ne4 Be7 18. Bf4 f6 19. Bxe5 fxe5 20. b3 a5 21. Rab1 Rb4 22. Rfc1 h6 23. Nc3 Bg5 24. Rc2 Be3+ 25. Kh1 Rcb8 26. Bd5 a4 27. Bxe6+ Kxe6 28. Ne4 axb3 29. Rxb3 Rxb3 30. axb3 Kd5 31. Nc3+ Kc6 32. Nd1 Bg5 33. h4 Bf6 34. Rb2 e4 35. Rb1 exd3 36. exd3 Rd8 37. Nf2 Bd4 38. Ne4 Be3 39. Rd1 Rb8 40. Re1 Bd4 41. Rb1 Kd5 42. Kg2 Ra8 43. b4 c4 44. Nd2 c3 45. Ne4 Ra2+ 0-1


[Site "https://www.chess.com"]

[Event "Titled Tuesday Blitz June 13 Early 2023"]
[White "Srihari L R"]
[Black "Tinmaz, Kerem"]
[WhiteFideId "46617116"]
[BlackFideId "44559151"]
[WhiteElo "2334"]
[BlackElo "2153"]
[Result "1-0"]
[Round "1"]
[TimeControl "180+2"]
[Date "2023.06.13"]
[WhiteClock "0:00:50"]
[BlackClock "0:00:00"]
[Board "106"]

1. c4 c6 2. Nc3 d5 3. e3 Nf6 4. Nf3 Bf5 5. cxd5 cxd5 6. Qb3 Nc6 7. Qxb7 Bd7 8. Qb3 Rb8 9. Qd1 e5 10. d4 e4 11. Nd2 Bd6 12. Be2 h5 13. h3 g5 14. a3 Kf8 15. b4 Kg7 16. Nb3 g4 17. h4 g3 18. f3 exf3 19. Bxf3 Ng4 20. Bxg4 hxg4 21. Bb2 Rxh4 22. Rxh4 Qxh4 23. Kd2 Qh2 24. Qf1 Ne7 25. Nc5 Bxc5 26. dxc5 Kg8 27. Re1 Qh6 28. Qf4 Qxf4 29. exf4 Ng6 30. Nxd5 Bc6 31. Nf6+ Kf8 32. Re3 Nxf4 33. Be5 Nd5 34. Bd6+ Kg7 35. Nxd5 Rd8 36. Nf4 1-0


[Site "https://www.chess.com"]

[Event "Titled Tuesday Blitz June 13 Early 2023"]
[White "Lopez Idarraga, Daniel Eduardo"]
[Black "Martinez Ramirez, Lennis"]
[WhiteFideId "4405501"]
[BlackFideId "3509079"]
[WhiteElo "1980"]
[BlackElo "2410"]
[Result "0-1"]
[Round "1"]
[TimeControl "180+2"]
[Date "2023.06.13"]
[WhiteClock "0:00:09"]
[BlackClock "0:00:01"]
[Board "107"]

1. d4 e6 2. Bf4 Bd6 3. Bg3 h5 4. e4 h4 5. Bxd6 cxd6 6. c4 b6 7. Nc3 Bb7 8. h3 Nc6 9. Nf3 Rc8 10. Rc1 a6 11. Bd3 Nge7 12. O-O Ng6 13. Qd2 e5 14. d5 Nce7 15. Qg5 Nf4 16. Be2 Kf8 17. Nxh4 b5 18. cxb5 Rxc3 19. Rxc3 Nxe2+ 20. Kh1 Nxc3 21. bxc3 axb5 22. Rb1 Ba6 23. Nf5 Rh7 24. Nxd6 f6 25. Qc1 Qb6 26. Qa3 g5 27. c4 g4 28. c5 Qa7 29. Nxb5 Qb7 30. Nc3 Qc8 31. Qb4 gxh3 32. g3 Bd3 33. Rc1 Qa6 34. c6 dxc6 35. Na4 cxd5 36. Nc5 Qb5 37. Nxd3 Qxd3 38. exd5 Qf3+ 0-1


[Site "https://www.chess.com"]

[Event "Titled Tuesday Blitz June 13 Early 2023"]
[White "Wagner, Dennis"]
[Black "Rangel, Daniel"]
[WhiteFideId "24650684"]
[BlackFideId "2124475"]
[WhiteElo "2478"]
[BlackElo "2231"]
[Result "1-0"]
[Round "1"]
[TimeControl "180+2"]
[Date "2023.06.13"]
[WhiteClock "0:00:17"]
[BlackClock "0:00:12"]
[Board "108"]

1. e4 c5 2. Nf3 g6 3. c3 Bg7 4. d4 cxd4 5. cxd4 d5 6. e5 Bg4 7. Nbd2 e6 8. h3 Bxf3 9. Nxf3 Ne7 10. Be2 O-O 11. O-O Nbc6 12. Bf4 Qb6 13. Qd2 Nf5 14. Rfd1 Rac8 15. g4 Nfe7 16. Bh6 Na5 17. Bxg7 Kxg7 18. b3 Nac6 19. Rac1 Qa5 20. Qb2 Rh8 21. a3 h5 22. b4 Qd8 23. Qd2 hxg4 24. hxg4 a6 25. Kg2 Qb6 26. Qf4 Rcg8 27. Qf6+ Kf8 28. Ng5 Nd8 29. Rc5 Ke8 30. Rdc1 Nec6 31. b5 axb5 32. Bxb5 Rh4 33. Nxf7 Rxg4+ 34. Kh3 Rxd4 35. Nxd8 Qxd8 36. Rxc6 Qxf6 37. Rxe6+ Kd8 38. exf6 Rh8+ 39. Kg3 Re4 40. Rxe4 dxe4 41. f7 Ke7 42. Rc7+ Kf6 43. Rxb7 Ra8 44. a4 Kg7 45. Kf4 Rd8 46. Kxe4 Rh8 47. Re7 Rh1 48. Kf3 Ra1 49. Kg2 Ra3 50. Ra7 Rc3 51. Be8 Rc5 52. a5 Kf8 53. a6 Rg5+ 54. Kf1 Ra5 55. Ra8 Ra1+ 56. Kg2 Ke7 57. Rb8 Rxa6 58. f8=Q+ Kxf8 59. Bb5+ Kg7 60. Bxa6 Kh6 61. Be2 Kg5 62. Rb4 Kh6 63. Rg4 g5 64. Kg3 Kg6 65. Bd3+ Kh6 66. Kf3 Kh5 67. Bf5 Kh6 68. Ke4 Kh5 69. Ke5 Kh6 70. Kf6 Kh5 71. Rxg5+ Kh6 72. Rg3 Kh5 73. Rh3# 1-0


[Site "https://www.chess.com"]

[Event "Titled Tuesday Blitz June 13 Early 2023"]
[White "Petrova, Irina"]
[Black "Di Benedetto, Edoardo"]
[WhiteFideId "14124122"]
[BlackFideId "875740"]
[WhiteElo "2084"]
[BlackElo "2296"]
[Result "0-1"]
[Round "1"]
[TimeControl "180+2"]
[Date "2023.06.13"]
[WhiteClock "0:00:48"]
[BlackClock "0:01:10"]
[Board "109"]

1. e4 e6 2. d4 d5 3. Nc3 Nf6 4. Bg5 Bb4 5. e5 h6 6. Bd2 Bxc3 7. bxc3 Ne4 8. h4 c5 9. Qg4 Kf8 10. Bd3 Nxd2 11. Kxd2 c4 12. Be2 Nc6 13. Rh3 b5 14. Rg3 Rg8 15. Nh3 a5 16. a3 Rb8 17. Nf4 Ne7 18. Rf3 Nf5 19. Qh3 Ke8 20. Rh1 b4 21. axb4 axb4 22. g4 bxc3+ 23. Rxc3 Nxd4 24. Nh5 Qa5 25. g5 hxg5 26. hxg5 Nb5 27. Nxg7+ Rxg7 28. Qh8+ Kd7 29. Qxg7 Qxc3+ 30. Kd1 Nd4 31. Qxf7+ Kc6 32. Qe8+ Bd7 33. Qxb8 Qxc2+ 34. Ke1 Qxe2# 0-1


[Site "https://www.chess.com"]

[Event "Titled Tuesday Blitz June 13 Early 2023"]
[White "Matinian, Nikita"]
[Black "Herzog2012"]
[WhiteFideId "24129100"]
[WhiteElo "2422"]
[BlackElo "2398"]
[Result "1-0"]
[Round "1"]
[TimeControl "180+2"]
[Date "2023.06.13"]
[WhiteClock "0:00:20"]
[BlackClock "0:00:00"]
[Board "110"]

1. e4 c5 2. Nf3 Nc6 3. d4 cxd4 4. Nxd4 Nf6 5. Nc3 d6 6. Bg5 e6 7. Qd3 Be7 8. O-O-O O-O 9. f4 e5 10. Nf5 Bxf5 11. exf5 Qa5 12. Kb1 h6 13. Bxf6 Bxf6 14. Nd5 Qd8 15. g3 a5 16. a3 Re8 17. Bg2 Rb8 18. Rhe1 Kf8 19. Nxf6 Qxf6 20. Bxc6 bxc6 21. Qxd6+ Qxd6 22. Rxd6 exf4 23. Rxe8+ Kxe8 24. gxf4 Rc8 25. f6 Kf8 26. fxg7+ Kxg7 27. c4 h5 28. Kc2 h4 29. b4 axb4 30. axb4 Re8 31. Rxc6 Re2+ 32. Kd3 Rxh2 33. Rc5 Kg6 34. Rg5+ Kh6 35. Rg8 Kh7 36. Rg1 h3 37. b5 Rg2 38. Rh1 h2 39. b6 Rb2 40. c5 Kg6 41. Kc4 Kf5 42. Kd5 Kxf4 43. Rxh2 Rxh2 44. b7 Rb2 45. c6 Rd2+ 46. Kc5 Rb2 47. c7 Rxb7 48. c8=Q Re7 49. Qf8 Re5+ 50. Kd6 f5 51. Qh6+ Ke4 52. Qh1+ Kd4 53. Qa1+ 1-0


[Site "https://www.chess.com"]

[Event "Titled Tuesday Blitz June 13 Early 2023"]
[White "Gracia Alvarez, Gerardo Antonio"]
[Black "Rakotomaharo, Fy Antenaina"]
[WhiteFideId "5109124"]
[BlackFideId "13100050"]
[WhiteElo "2160"]
[BlackElo "2427"]
[Result "0-1"]
[Round "1"]
[TimeControl "180+2"]
[Date "2023.06.13"]
[WhiteClock "0:00:20"]
[BlackClock "0:01:18"]
[Board "111"]

1. d4 d5 2. c4 e5 3. dxe5 d4 4. Nf3 Nc6 5. a3 a5 6. g3 Be6 7. Nbd2 Qd7 8. b3 h6 9. Bb2 g5 10. Qc2 g4 11. Nh4 Nxe5 12. Bg2 c6 13. Be4 Nf6 14. Bf5 Bg7 15. Bxe6 fxe6 16. Ng6 Nxg6 17. Qxg6+ Kf8 18. Ne4 Nxe4 19. Qxe4 h5 20. O-O-O Rd8 21. f3 gxf3 22. Rhf1 Kg8 23. Rxf3 e5 24. Rdf1 Qg4 25. Qc2 Rh6 26. Kb1 Rhd6 27. c5 Rd5 28. b4 axb4 29. axb4 Kh8 30. Rf7 R5d7 31. Qc4 Rxf7 32. Rxf7 Qg6+ 33. Ka2 Ra8+ 34. Kb3 Qb1 35. Qc1 Qa2+ 36. Kc2 Qxf7 0-1


[Site "https://www.chess.com"]

[Event "Titled Tuesday Blitz June 13 Early 2023"]
[White "Tristan, Leonardo"]
[Black "Nikologorsky, Matfei"]
[WhiteFideId "113816"]
[BlackFideId "24102474"]
[WhiteElo "2461"]
[BlackElo "2153"]
[Result "1-0"]
[Round "1"]
[TimeControl "180+2"]
[Date "2023.06.13"]
[WhiteClock "0:00:21"]
[BlackClock "0:00:24"]
[Board "112"]

1. d4 Nf6 2. Nf3 e6 3. Bf4 d5 4. e3 c5 5. Nbd2 Nc6 6. c3 Bd6 7. Bg3 O-O 8. Bb5 Ne7 9. Bd3 Ng6 10. Bxd6 Qxd6 11. h4 Ne7 12. Ne5 cxd4 13. exd4 Nc6 14. Qe2 Nd7 15. Ndf3 f6 16. Nxd7 Bxd7 17. O-O-O Rac8 18. Kb1 b5 19. Bxb5 Rb8 20. Bd3 Rb6 21. Rd2 Rfb8 22. Ka1 Be8 23. h5 a5 24. g4 a4 25. g5 f5 26. Ne5 Nxe5 27. Qxe5 Qd7 28. h6 g6 29. Re1 a3 30. b3 R8b7 31. c4 Qc8 32. Rc2 Qb8 33. cxd5 Qxe5 34. Rxe5 Bd7 35. dxe6 Bxe6 36. Rxe6 Rxe6 37. Bc4 Kf7 38. Re2 Rb6 39. Kb1 Ke7 40. Rxe6+ Rxe6 41. Bxe6 Kxe6 42. Kc2 Kd5 43. Kd3 Kc6 44. Kc4 Kd6 45. f4 Kc6 46. d5+ 1-0


[Site "https://www.chess.com"]

[Event "Titled Tuesday Blitz June 13 Early 2023"]
[White "Gulkov, Igor A."]
[Black "Mohammad Fahad, Rahman"]
[WhiteFideId "4120973"]
[BlackFideId "10207791"]
[WhiteElo "2343"]
[BlackElo "2339"]
[Result "1-0"]
[Round "1"]
[TimeControl "180+2"]
[Date "2023.06.13"]
[WhiteClock "0:00:16"]
[BlackClock "0:00:27"]
[Board "113"]

1. Nf3 Nf6 2. c4 g6 3. Nc3 Bg7 4. e4 O-O 5. d4 d6 6. Be2 Nbd7 7. O-O e5 8. Re1 exd4 9. Nxd4 Re8 10. f3 a5 11. Ndb5 Nc5 12. Be3 b6 13. Qd2 Be6 14. Rad1 Rc8 15. Bf1 Nh5 16. Bg5 Qd7 17. Nd5 Bxd5 18. cxd5 Be5 19. Nd4 Ng7 20. Kh1 f5 21. Bb5 Qf7 22. Bxe8 Rxe8 23. exf5 Bxd4 24. Qxd4 Nxf5 25. Qf6 Rxe1+ 26. Rxe1 Nd3 27. Qxf7+ Kxf7 28. Re2 Nb4 29. g4 Nd4 30. Re7+ Kg8 31. Rxc7 Nxf3 32. Bh6 Ne5 33. Rg7+ Kh8 34. Rb7 Kg8 35. Rxb6 Nxd5 36. Rxd6 Nb4 37. h3 Nxa2 38. Ra6 Nb4 39. Rxa5 Nbd3 40. Rb5 Kf7 41. Rb7+ Ke6 42. Be3 Nc4 43. Bd4 h5 44. gxh5 gxh5 45. b3 Nd6 46. Rh7 Nf4 47. Kh2 Nf5 48. Bf2 Nd3 49. Kg2 Nf4+ 50. Kh2 Kf6 51. b4 Nd3 52. Bc5 Kg6 53. Rd7 Ne5 54. Rd5 Nf3+ 55. Kg2 Ne1+ 56. Kf2 Nc2 57. b5 Kf6 58. Rxf5+ Kxf5 59. b6 Nd4 60. Bxd4 1-0


[Site "https://www.chess.com"]